Map: 2000 Atmospheres LE

Players

ButAlways

  • Race: Protoss Protoss

GogojOey - Winner!

  • Race: Zerg Zerg

Event: DreamHack SC2 Masters 2021 Fall

VOD

Have the link to the VOD?

Description

Time

  • Played on: July 28, 2021, 10:45 a.m.
  • Length: 51:35

All games in this series

Show
View Real Time Build Order
Export as new Build Order

ButAlways Protoss 

Build Orders: 1 Gate Expand, Carrier Rush 

Get SALT Encoding   

  12  0:00  Probe  
  13  0:12  Probe  
  14  0:19  Pylon  
  14  0:24  Probe  
  15  0:37  Probe (Chrono Boost)  
  15  0:38  Gateway  
  16  0:47  Assimilator, Probe (Chrono Boost)  
  17  0:52  Probe (Chrono Boost)  
  18  1:04  Probe  
  19  1:16  Probe  
  20  1:25  Nexus  
  20  1:34  Cybernetics Core  
  20  1:36  Probe  
  21  1:46  Assimilator  
  21  1:48  Probe  
  21  1:53  Pylon  
  22  2:00  Probe (Chrono Boost)  
  23  2:08  Adept (Chrono Boost)  
  23  2:13  Probe (Chrono Boost)  
  26  2:18  Probe (Chrono Boost)  
  26  2:19  Stargate  
  27  2:27  Probe (Chrono Boost)  
  28  2:31  Adept, Warp Gate  
  30  2:38  Probe (Chrono Boost)  
  32  2:45  Probe (Chrono Boost)  
  32  2:47  Probe (Chrono Boost)  
  33  2:52  Probe x2 (Chrono Boost)  
  33  2:55  Void Ray (Chrono Boost)  
  35  3:03  Probe  
  35  3:04  Probe  
  41  3:10  Pylon  
  41  3:15  Probe  
  41  3:16  Probe  
  41  3:17  Assimilator  
  43  3:21  Assimilator  
  43  3:27  Gateway, Probe  
  43  3:29  Probe  
  45  3:40  Fleet Beacon  
  46  3:41  Probe  
  46  3:44  Probe  
  47  3:52  Pylon  
  47  3:53  Probe  
  48  3:56  Probe  
  48  4:00  Stargate  
  49  4:05  Probe  
  49  4:08  Probe  
  51  4:17  Pylon  
  51  4:18  Pylon  
  51  4:19  Zealot  
  53  4:24  Carrier (Chrono Boost)  
  53  4:30  Probe x2  
  67  4:45  Carrier (Chrono Boost)  
  67  4:48  Pylon  
  67  5:01  Nexus  
  67  5:04  Probe x2  
  75  5:17  Pylon  
  76  5:21  Probe  
  76  5:24  Probe  
  76  5:26  Carrier (Chrono Boost)  
  77  5:29  Pylon  
  77  5:33  Protoss Air Weapons Level 1  
  78  5:38  Pylon  
  83  5:43  Carrier (Chrono Boost), Probe  
  84  5:52  Stargate  
  84  5:55  Probe  
  85  5:57  Forge  
  85  6:03  Probe  
  85  6:04  Shield Battery  
  86  6:05  Shield Battery  
  86  6:12  Assimilator, Void Ray (Chrono Boost)  
  86  6:16  Assimilator  
  90  6:24  Probe x2  
  92  6:29  Probe  
  92  6:31  Void Ray (Chrono Boost)  
  93  6:33  Photon Cannon  
  93  6:39  Photon Cannon  
  97  6:40  Void Ray (Chrono Boost)  
  97  6:45  Void Ray  
  105  6:56  Void Ray  
  105  6:57  Pylon  
  110  7:08  Probe  
  110  7:15  Void Ray  
  110  7:18  Photon Cannon  
  110  7:20  Shield Battery  
  114  7:24  Stargate  
  114  7:25  Flux Vanes  
  114  7:36  Probe x3  
  117  7:41  Void Ray (Chrono Boost)  
  117  7:43  Protoss Air Weapons Level 2 (Chrono Boost)  
  113  7:50  Void Ray (Chrono Boost)  
  117  7:55  Shield Battery  
  117  7:58  Photon Cannon  
  117  8:00  Sentry  
  123  8:10  Void Ray (Chrono Boost)  
  123  8:11  Pylon  
  127  8:13  Void Ray (Chrono Boost)  
  131  8:21  Void Ray (Chrono Boost)  
  131  8:28  Pylon  
  135  8:34  Photon Cannon  
  135  8:39  Void Ray (Chrono Boost)  
  139  8:44  Void Ray (Chrono Boost)  
  143  8:51  Void Ray (Chrono Boost)  
  143  8:54  Shield Battery  
  143  8:59  Sentry  
  143  9:02  Pylon  
  149  9:07  Pylon  
  149  9:11  Photon Cannon  
  149  9:16  Pylon, Photon Cannon  
  149  9:18  Void Ray (Chrono Boost)  
  149  9:22  Shield Battery  
  153  9:31  Sentry x2  
  155  9:34  Void Ray (Chrono Boost)  
  161  9:40  Void Ray (Chrono Boost)  
  161  9:49  Pylon  
  161  9:52  Void Ray (Chrono Boost)  
  169  9:59  Pylon  
  169  10:01  Pylon  
  169  10:05  Void Ray (Chrono Boost)  
  173  10:11  Shield Battery, Sentry  
  173  10:12  Shield Battery  
  173  10:13  Void Ray (Chrono Boost)  
  175  10:18  Void Ray (Chrono Boost)  
  167  10:45  Nexus  
  167  10:49  Void Ray (Chrono Boost)  
  163  10:53  Protoss Air Weapons Level 3 (Chrono Boost)  
  163  10:55  Void Ray (Chrono Boost)  
  167  11:04  Photon Cannon  
  167  11:07  Void Ray (Chrono Boost)  
  171  11:22  Zealot x2  
  171  11:25  Photon Cannon  
  173  11:26  Shield Battery  
  173  11:27  Void Ray x2 (Chrono Boost)  
  161  11:42  Void Ray (Chrono Boost)  
  161  11:43  Void Ray (Chrono Boost)  
  167  12:05  Nexus  
  167  12:06  Stalker x2  
  167  12:07  Void Ray (Chrono Boost)  
  167  12:08  Pylon  
  175  12:12  Void Ray (Chrono Boost)  
  175  12:22  Void Ray  
  179  12:27  Photon Cannon  
  179  12:28  Void Ray  
  187  12:39  Sentry  
  187  12:40  Void Ray (Chrono Boost)  
  185  12:57  Void Ray (Chrono Boost)  
  181  13:02  Void Ray (Chrono Boost)  
  173  13:12  Void Ray (Chrono Boost)  
  173  13:13  Shield Battery  
  173  13:16  Shield Battery  
  173  13:23  Sentry x2  
  177  13:37  Void Ray  
  177  13:40  Nexus  
  167  13:41  Void Ray  
  164  13:49  Void Ray  
  164  13:52  Void Ray  
  138  14:14  Void Ray (Chrono Boost)  
  138  14:16  Zealot x2  
  142  14:18  Void Ray (Chrono Boost)  
  150  14:38  Shield Battery, Void Ray (Chrono Boost)  
  154  14:39  Shield Battery  
  154  14:40  Nexus  
  154  14:49  Void Ray (Chrono Boost)  
  158  14:57  Pylon, Void Ray (Chrono Boost)  
  158  15:05  Sentry  
  164  15:08  Void Ray, Stalker  
  166  15:20  Photon Cannon x2  
  166  15:22  Shield Battery  
  166  15:34  Adept x2, Void Ray  
  170  15:40  Void Ray  
  174  15:50  Photon Cannon  
  174  15:52  Photon Cannon  
  174  16:03  Void Ray (Chrono Boost)  
  170  16:05  Protoss Air Armor Level 1 (Chrono Boost)  
  170  16:14  Assimilator, Void Ray (Chrono Boost)  
  170  16:15  Assimilator  
  174  16:25  Void Ray (Chrono Boost)  
  172  16:42  Void Ray (Chrono Boost)  
  176  16:47  Void Ray (Chrono Boost)  
  176  16:50  Stalker  
  176  16:51  Stalker  
  176  16:53  Void Ray (Chrono Boost)  
  184  17:09  Void Ray (Chrono Boost)  
  184  17:15  Shield Battery  
  184  17:17  Photon Cannon  
  184  17:19  Pylon  
  184  17:25  Void Ray (Chrono Boost)  
  184  17:28  Void Ray (Chrono Boost)  
  192  17:34  Void Ray  
  192  17:39  Void Ray  
  196  17:48  Photon Cannon  
  192  18:02  Void Ray  
  192  18:05  Void Ray  
  188  18:20  Void Ray  
  192  18:28  Zealot  
  192  18:31  Nexus  
  192  18:32  Pylon  
  192  18:34  Void Ray  
  198  18:54  Void Ray  
  190  19:01  Void Ray  
  176  19:13  Photon Cannon x2  
  176  19:14  Photon Cannon  
  176  19:16  Shield Battery  
  176  19:17  Unknown  
  176  19:20  Shield Battery  
  180  19:25  Photon Cannon x2  
  180  19:30  Void Ray  
  180  19:49  Pylon, Void Ray, Protoss Air Armor Level 2 (Chrono Boost)  
  180  19:51  Zealot x2  
  180  19:52  Photon Cannon  
  184  19:59  Void Ray  
  191  20:10  Protoss Shields Level 1  
  191  20:18  Void Ray  
  191  20:28  Void Ray  
  199  20:54  Nexus  
  199  20:55  Pylon  
  199  20:57  Assimilator  
  199  20:58  Assimilator  
  199  21:12  Twilight Council  
  199  21:15  Gateway  
  199  21:16  Gateway  
  199  21:19  Photon Cannon x2  
  199  21:21  Photon Cannon  
  199  21:22  Photon Cannon  
  199  21:31  Void Ray x3  
  185  21:47  Shield Battery  
  185  21:48  Shield Battery  
  181  22:08  Nexus  
  177  22:11  Templar Archives  
  177  22:18  Void Ray x2  
  183  22:55  Sentry  
  183  22:57  Psionic Storm  
  181  22:58  Photon Cannon  
  181  23:02  Zealot  
  183  23:10  High Templar x2  
  187  23:12  Photon Cannon  
  187  23:16  Shield Battery  
  187  23:19  Pylon  
  187  23:22  High Templar  
  187  23:23  Shield Battery  
  189  23:39  Nexus  
  185  23:57  High Templar x4  
  193  24:06  Void Ray  
  193  24:10  Archon  
  193  24:13  Nexus, Pylon  
  193  24:15  Pylon  
  194  24:50  High Templar x2  
  196  24:58  Photon Cannon  
  196  24:59  Photon Cannon  
  196  25:00  Photon Cannon  
  196  25:01  Photon Cannon  
  196  25:03  Shield Battery  
  196  25:06  Shield Battery  
  196  25:31  High Templar  
  196  25:32  High Templar  
  196  25:35  Photon Cannon  
  200  25:39  Assimilator x2  
  200  25:54  Protoss Air Armor Level 3 (Chrono Boost)  
  200  25:56  Stargate  
  200  25:57  Stargate  
  200  25:58  Stargate  
  200  26:01  Archon  
  194  26:28  Carrier (Chrono Boost)  
  192  26:33  Archon  
  192  26:36  Pylon, High Templar x3  
  192  26:40  Photon Cannon  
  192  26:41  Pylon, Photon Cannon  
  197  26:48  Tempest (Chrono Boost)  
  197  26:50  Pylon  
  197  26:53  Photon Cannon, Probe  
  198  27:05  Probe  
  198  27:07  Pylon  
  199  27:16  Photon Cannon  
  199  27:17  Photon Cannon, Probe  
  199  27:18  Photon Cannon  
  200  27:26  Photon Cannon  
  200  27:27  Shield Battery  
  200  27:28  Protoss Shields Level 2  
  197  27:55  High Templar  
  199  28:04  Shield Battery  
  199  28:05  Shield Battery  
  195  28:24  Carrier (Chrono Boost)  
  193  28:35  High Templar x3  
  193  28:36  Gateway  
  193  28:38  Photon Cannon  
  199  28:45  Pylon  
  199  28:48  Pylon  
  199  28:59  Robotics Facility  
  199  29:04  Probe  
  200  29:14  Pylon  
  198  29:32  Pylon  
  198  29:54  High Templar  
  200  30:12  Protoss Shields Level 3 (Chrono Boost)  
  200  30:27  Photon Cannon  
  200  30:29  Photon Cannon  
  200  30:30  Shield Battery  
  198  31:11  Carrier  
  194  31:29  Observer  
  195  31:57  Observer  
  196  32:10  Carrier  
  194  32:40  Carrier  
  200  32:53  Pylon  
  200  32:55  Nexus, Observer, Pylon  
  200  33:18  Observer  
  200  33:21  Photon Cannon  
  200  33:22  Shield Battery, Photon Cannon  
  200  33:24  Photon Cannon  
  200  33:25  Shield Battery x2  
  200  33:27  Photon Cannon x2  
  200  33:30  Shield Battery  
  200  33:54  Assimilator  
  200  34:10  Pylon  
  200  34:13  Shield Battery  
  200  34:14  Shield Battery  
  200  34:20  Assimilator  
  198  35:00  Pylon  
  191  35:19  Carrier (Chrono Boost)  
  197  35:23  Carrier (Chrono Boost)  
  187  35:32  Carrier (Chrono Boost)  
  187  35:33  Observer  
  200  35:39  Carrier (Chrono Boost)  
  200  35:43  Pylon  
  194  36:21  Carrier (Chrono Boost)  
  194  36:22  Carrier x3 (Chrono Boost)  
  199  36:59  Observer  
  198  37:07  Pylon  
  197  37:20  Observer  
  187  37:48  Carrier x2  
  195  38:19  Observer  
  196  38:23  Pylon  
  196  38:24  Shield Battery  
  196  38:25  Shield Battery  
  196  38:26  Shield Battery  
  196  38:27  Shield Battery  
  196  38:29  Shield Battery  
  196  38:30  Shield Battery  
  195  39:35  Carrier (Chrono Boost)  
  196  39:50  Observer  
  196  40:12  Observer  
  195  40:38  Carrier x3 (Chrono Boost)  
  195  40:45  Carrier x2 (Chrono Boost)  
  199  41:25  Observer  
  200  41:34  Pylon  
  200  41:41  Pylon  
  200  42:02  Cybernetics Core  
  200  42:04  Photon Cannon  
  200  42:06  Photon Cannon  
  200  42:08  Photon Cannon  
  198  42:46  Observer (Chrono Boost)  
  199  43:04  Observer (Chrono Boost)  
  200  43:12  Shield Battery  
  199  44:02  Observer  
  200  44:15  Pylon  
  200  44:34  Shield Battery  
  200  44:36  Shield Battery  
  200  44:38  Shield Battery  
  200  44:41  Shield Battery  
  196  45:03  Void Ray (Chrono Boost)  
  191  45:09  Void Ray x2 (Chrono Boost)  
  191  45:13  Void Ray x2 (Chrono Boost)  
  198  45:14  Observer  
  199  45:44  Observer  
  199  46:05  Observer  
  199  46:27  Observer  
  200  47:13  Nexus  
  200  47:16  Void Ray  
  198  47:24  High Templar  
  198  47:26  Observer  
  200  48:00  Pylon  
  200  48:17  Assimilator  
  199  49:56  Observer  
  196  50:34  Void Ray x3  
  196  50:35  Void Ray  
  161  50:49  Void Ray  
  143  50:50  Void Ray  
Show
View Real Time Build Order
Export as new Build Order

GogojOey Zerg - Winner!

Build Orders: Hatch First 

Get SALT Encoding   

  12  0:00  Drone  
  13  0:12  Overlord  
  13  0:16  Drone  
  14  0:30  Drone x2  
  16  0:40  Drone  
  17  0:52  Hatchery  
  17  0:55  Drone  
  17  0:58  Drone  
  18  1:09  Extractor  
  17  1:13  Spawning Pool  
  17  1:15  Drone  
  17  1:19  Drone  
  18  1:28  Drone  
  19  1:39  Drone  
  20  1:49  Drone  
  21  2:00  Zergling x2  
  22  2:03  Queen  
  22  2:04  Queen  
  22  2:05  Zergling x2  
  27  2:09  Metabolic Boost  
  27  2:12  Overlord  
  27  2:16  Drone  
  28  2:30  Drone  
  28  2:33  Hatchery  
  28  2:36  Drone  
  28  2:37  Drone  
  30  2:44  Queen  
  30  2:49  Overlord  
  32  3:00  Zergling x2  
  32  3:03  Zergling x2  
  32  3:04  Drone x2  
  36  3:09  Drone  
  36  3:13  Drone x4  
  36  3:15  Drone  
  41  3:22  Overlord  
  41  3:23  Drone x2  
  43  3:29  Overlord  
  43  3:37  Overlord  
  43  3:40  Spore Crawler, Drone  
  43  3:45  Drone x2  
  43  3:46  Drone  
  46  3:48  Queen  
  46  3:55  Lair  
  48  3:58  Drone x2  
  48  3:59  Spore Crawler  
  49  4:04  Spore Crawler, Drone x2  
  49  4:09  Drone x2  
  52  4:10  Drone  
  52  4:16  Queen  
  54  4:23  Zergling x4  
  56  4:24  Drone x4  
  56  4:26  Drone  
  60  4:36  Overlord x2  
  60  4:39  Roach Warren  
  60  4:40  Overlord x2  
  59  4:46  Overlord x2  
  59  4:50  Extractor  
  59  4:51  Extractor  
  59  4:52  Overlord  
  57  4:55  Drone x4  
  57  4:56  Drone  
  57  4:58  Drone x2  
  64  5:00  Drone  
  64  5:02  Queen, Evolution Chamber  
  64  5:04  Drone  
  68  5:10  Spire  
  68  5:12  Drone x2  
  68  5:16  Queen  
  68  5:19  Drone x3  
  68  5:20  Drone  
  74  5:25  Queen  
  74  5:26  Drone x2  
  78  5:30  Drone  
  78  5:31  Drone x2  
  78  5:32  Extractor  
  80  5:36  Drone x3  
  80  5:40  Drone  
  80  5:41  Extractor, Spore Crawler  
  80  5:42  Extractor, Queen  
  79  5:49  Drone  
  82  5:51  Overlord x2  
  82  5:52  Drone x2  
  82  5:53  Zerg Missile Weapons Level 1  
  82  5:56  Queen  
  86  6:03  Queen, Roach Warren  
  87  6:05  Drone  
  87  6:06  Overlord  
  87  6:10  Drone x2  
  90  6:18  Drone  
  91  6:23  Overlord  
  91  6:28  Hatchery  
  88  6:35  Corruptor x5  
  88  6:39  Queen  
  98  6:44  Corruptor  
  100  6:50  Corruptor x2  
  100  6:52  Corruptor  
  100  6:54  Zerg Flyer Weapons Level 1  
  106  6:59  Corruptor  
  108  7:01  Corruptor  
  108  7:11  Corruptor x2  
  110  7:17  Corruptor  
  110  7:19  Queen x2  
  110  7:20  Queen  
  118  7:25  Corruptor  
  118  7:29  Drone x2  
  122  7:30  Corruptor  
  122  7:33  Spore Crawler  
  123  7:39  Overlord x2  
  121  7:47  Corruptor x3  
  123  7:52  Queen  
  123  7:55  Queen  
  123  7:57  Queen  
  123  7:58  Corruptor  
  129  7:59  Drone  
  129  8:05  Corruptor x2  
  136  8:12  Corruptor  
  136  8:14  Queen  
  136  8:17  Zergling x2  
  136  8:18  Zergling x8  
  145  8:20  Corruptor  
  145  8:21  Overlord  
  145  8:23  Drone  
  145  8:25  Drone x2  
  150  8:27  Zerg Missile Weapons Level 2  
  150  8:37  Overlord  
  148  8:49  Corruptor x3  
  148  8:53  Corruptor  
  148  8:54  Drone x4  
  148  8:55  Drone  
  157  8:56  Extractor  
  157  8:57  Extractor, Drone  
  157  8:59  Drone x3  
  157  9:00  Spore Crawler  
  157  9:01  Spore Crawler x2  
  157  9:02  Corruptor x2  
  156  9:08  Corruptor  
  162  9:18  Spore Crawler, Queen  
  162  9:19  Overlord  
  162  9:20  Queen  
  162  9:22  Queen  
  165  9:34  Overlord  
  165  9:35  Drone x3  
  165  9:37  Queen  
  170  9:38  Zerg Flyer Weapons Level 2  
  170  9:40  Overlord  
  170  9:45  Corruptor x3  
  176  9:53  Corruptor x2, Overlord  
  176  9:54  Corruptor  
  176  9:57  Drone x2  
  184  10:00  Corruptor  
  185  10:11  Glial Reconstitution  
  178  10:23  Corruptor x4  
  182  10:31  Corruptor  
  182  10:32  Corruptor  
  182  10:34  Zergling x22, Queen  
  194  10:41  Corruptor x2  
  193  10:55  Queen  
  193  10:56  Queen x2  
  189  10:57  Corruptor x3  
  189  11:01  Hatchery  
  189  11:02  Zergling x6  
  196  11:08  Corruptor x2  
  200  11:15  Zerg Ground Armor Level 1, Baneling Nest  
  199  11:23  Zergling x2  
  190  11:39  Corruptor x5  
  180  11:40  Queen x3  
  182  11:51  Queen  
  171  12:00  Corruptor x4  
  170  12:08  Drone  
  171  12:09  Corruptor x2  
  171  12:12  Zergling x14  
  171  12:13  Zergling x4  
  171  12:15  Queen, Drone x2  
  188  12:24  Corruptor x2  
  188  12:25  Corruptor  
  188  12:26  Zergling x2  
  188  12:27  Zergling x2  
  196  12:39  Queen, Zerg Flyer Armor Level 1  
  196  12:40  Queen  
  196  12:54  Queen  
  186  13:01  Corruptor x7  
  186  13:03  Queen  
  188  13:09  Queen  
  184  13:15  Queen  
  184  13:18  Spore Crawler x2  
  182  13:20  Corruptor x4  
  182  13:26  Corruptor  
  190  13:29  Corruptor  
  190  13:31  Zergling x14  
  193  13:47  Corruptor x3  
  185  13:48  Queen  
  168  13:57  Corruptor  
  168  13:58  Corruptor x2  
  168  14:00  Queen  
  151  14:05  Queen  
  151  14:06  Corruptor  
  151  14:08  Zergling x18  
  156  14:16  Corruptor x2  
  158  14:18  Zergling x8  
  158  14:24  Queen x2  
  164  14:34  Corruptor x3  
  170  14:42  Corruptor x2  
  170  14:43  Spore Crawler  
  170  14:44  Spore Crawler  
  170  14:46  Queen  
  171  14:53  Corruptor x2  
  173  15:03  Queen x4  
  173  15:06  Corruptor  
  180  15:19  Corruptor x4  
  188  15:22  Corruptor  
  188  15:24  Zergling x4  
  192  15:30  Spore Crawler  
  190  15:36  Corruptor x2  
  190  15:39  Spore Crawler  
  190  15:41  Queen  
  187  15:55  Corruptor x2  
  187  15:56  Corruptor  
  191  16:00  Hatchery  
  191  16:02  Zergling x14  
  193  16:10  Spore Crawler  
  193  16:11  Spore Crawler  
  183  16:12  Zergling x10  
  183  16:15  Zerg Melee Weapons Level 1  
  179  16:35  Roach x10  
  179  16:36  Zergling x2  
  179  16:39  Spore Crawler x2  
  198  16:41  Spore Crawler  
  197  16:48  Infestation Pit  
  196  16:56  Ravager x4  
  195  17:16  Corruptor x2  
  195  17:18  Zerg Flyer Armor Level 2  
  188  17:33  Hive  
  188  17:35  Corruptor x6  
  179  18:20  Overlord  
  179  18:21  Corruptor x3  
  179  18:22  Corruptor x6  
  179  18:25  Zergling x4  
  179  18:26  Zergling x4, Hatchery  
  198  18:33  Spore Crawler  
  197  18:41  Corruptor  
  197  18:44  Zergling x2  
  186  19:08  Viper x2  
  186  19:09  Viper  
  188  19:10  Corruptor  
  188  19:13  Queen x3  
  188  19:14  Queen  
  188  19:15  Zergling x4  
  200  19:22  Extractor  
  200  19:23  Extractor  
  198  19:33  Zergling x4  
  199  19:42  Zergling x2  
  200  19:52  Zerg Flyer Weapons Level 3  
  200  19:54  Zerg Melee Weapons Level 2  
  200  19:55  Hatchery  
  200  19:58  Zergling x4, Evolution Chamber  
  199  20:00  Extractor  
  199  20:02  Extractor  
  196  20:08  Spore Crawler  
  196  20:10  Spore Crawler  
  196  20:12  Spore Crawler  
  193  20:15  Corruptor x3  
  199  20:46  Spore Crawler x2, Overseer  
  199  20:48  Pneumatized Carapace  
  199  20:49  Zerg Ground Armor Level 2  
  197  21:04  Zergling x6  
  197  21:10  Pathogen Glands  
  182  21:41  Queen x2  
  182  21:53  Zergling x36, Roach x2, Ultralisk Cavern  
  197  22:11  Zerg Melee Weapons Level 3  
  197  22:15  Adrenal Glands  
  197  22:36  Drone, Spine Crawler x2  
  187  22:44  Greater Spire  
  178  22:55  Drone  
  178  22:57  Spine Crawler  
  171  22:59  Spore Crawler, Spine Crawler  
  171  23:01  Spine Crawler x2  
  171  23:02  Spine Crawler  
  171  23:05  Hatchery, Chitinous Plating  
  164  23:07  Zerg Ground Armor Level 3  
  164  23:10  Ultralisk  
  164  23:12  Zergling x42  
  190  23:15  Drone x4  
  190  23:18  Zergling x12  
  197  23:58  Zergling x4  
  199  24:21  Zerg Flyer Armor Level 3  
  199  24:24  Anabolic Synthesis  
  186  24:48  Spore Crawler x2  
  184  24:52  Spore Crawler  
  184  24:54  Neural Parasite  
  184  24:58  Infestor x5  
  193  25:00  Infestor  
  193  25:02  Zergling x2  
  193  25:03  Zergling x8  
  200  25:13  Spore Crawler x2  
  198  25:15  Spore Crawler  
  184  25:36  Roach  
  184  25:40  Zergling x24  
  184  25:41  Zergling x6  
  199  25:56  Zergling x6  
  193  26:06  Hatchery  
  187  26:13  Zerg Missile Weapons Level 3  
  187  26:15  Zergling x2, Ultralisk x2  
  194  26:36  Corruptor  
  194  26:37  Corruptor  
  198  26:44  Spore Crawler  
  198  26:46  Spine Crawler x2, Unknown  
  194  26:53  Hatchery  
  194  26:54  Drone x3  
  194  26:55  Drone x3  
  192  27:26  Hatchery  
  191  27:34  Zergling x10  
  191  27:35  Drone  
  196  27:49  Overseer, Drone  
  197  27:52  Zergling x4  
  188  28:34  Infestor x2  
  192  28:43  Infestor x2  
  192  28:44  Infestor  
  192  28:45  Zergling x4  
  200  29:08  Spore Crawler  
  200  29:09  Spine Crawler  
  198  29:10  Spine Crawler  
  198  29:11  Drone x2  
  198  29:17  Drone  
  191  29:55  Brood Lord x4  
  199  30:32  Spore Crawler  
  199  30:34  Spore Crawler  
  197  30:59  Brood Lord  
  199  31:09  Zergling x2  
  197  32:21  Zergling x6  
  200  32:36  Spore Crawler x2  
  194  32:45  Drone  
  194  32:46  Drone x2  
  197  32:55  Drone  
  198  33:04  Zergling x2  
  199  33:59  Extractor  
  199  34:00  Extractor  
  196  34:20  Infestor  
  193  35:18  Overlord x3  
  193  35:20  Overlord  
  193  35:30  Spawning Pool  
  193  35:32  Overlord  
  192  35:58  Infestor x3  
  195  36:22  Zergling x10  
  195  36:24  Lair  
  196  37:53  Extractor  
  196  37:55  Spore Crawler, Hatchery  
  196  37:57  Spore Crawler  
  196  37:58  Drone  
  193  38:01  Spore Crawler, Infestation Pit  
  193  38:03  Spore Crawler  
  190  38:17  Zergling x20  
  200  38:21  Spore Crawler  
  199  38:33  Zergling x2  
  187  39:42  Hatchery  
  187  39:45  Extractor  
  185  39:49  Hive  
  185  39:52  Zergling x18  
  194  40:03  Overseer  
  194  40:42  Spore Crawler  
  193  40:45  Spore Crawler  
  185  41:15  Viper x2  
  185  41:34  Spire  
  185  41:36  Infestor x3  
  190  42:01  Ultralisk Cavern  
  175  42:38  Viper x3  
  180  42:51  Ultralisk  
  186  43:04  Corruptor x6  
  198  43:06  Drone  
  199  43:24  Spore Crawler  
  190  43:47  Spore Crawler x2  
  188  43:53  Spore Crawler  
  187  44:07  Hatchery  
  187  44:08  Overlord  
  186  44:15  Overlord  
  186  44:16  Drone x2  
  188  44:36  Greater Spire  
  188  44:37  Infestor x2  
  192  45:23  Spore Crawler  
  192  45:24  Spore Crawler  
  192  45:26  Spore Crawler  
  192  45:28  Spore Crawler  
  188  45:29  Spore Crawler  
  188  45:32  Overlord  
  188  45:33  Drone  
  188  45:54  Extractor  
  188  45:56  Extractor  
  186  46:03  Infestor  
  186  46:04  Infestor x3  
  188  46:06  Overlord  
  188  46:07  Zergling x2  
  195  46:16  Brood Lord  
  197  46:27  Drone  
  198  46:38  Corruptor  
  200  47:13  Spore Crawler  
  200  47:14  Spore Crawler  
  198  47:34  Overlord  
  198  47:35  Overlord x2  
  198  47:36  Overlord  
  198  48:00  Infestor  
  200  49:05  Spawning Pool  

Tags
 
Add a new tag
Caveats
  • Supply blocks, unpowered buildings, or Contaminate may cause inaccurate times.
  • Supply counts are checked every 10 seconds.